 Dungeon Crawl Stone Soup version 0.22.1-2-g9c5b331 (webtiles) character file.

290 Zebura the Skirmisher (level 6, -17/33 HPs)
             Began as a Vine Stalker Fighter on Nov 20, 2018.
             Demolished by an ogre
             ... wielding a +0 giant spiked club
              (23 damage)
             ... in the Ecumenical Temple.
             The game lasted 00:07:27 (3067 turns).

Zebura the Skirmisher (Vine Stalker Fighter)        Turns: 3067, Time: 00:07:28

Health: -17/33     AC: 13    Str: 19    XL:     6   Next: 32%
Magic:  0/7        EV:  6    Int:  8    God:
Gold:   196        SH:  9    Dex: 15    Spells: 5/5 levels left

rFire    + . .     SeeInvis .   o - +1 short sword (holy)
rCold    + . .     Gourm    .   c - +0 shield
rNeg     . . .     Faith    .   w - +2 chain mail {rF+}
rPois    .         Spirit   +   q - +0 helmet
rElec    .         Reflect  .   (no cloak)
rCorr    .         Harm     .   i - +0 pair of gloves
MR       +....                  (no boots)
Stlth    ..........             (no amulet)
HPRegen  0.51/turn              h - ring of protection from cold
MPRegen  0.10/turn              b - ring of protection from magic

@: no status effects
A: fangs 2, regeneration 1, magic shield, antimagic bite, no potion heal 3, rot
immunity
a: no special abilities


You were in the Ecumenical Temple.
You were not hungry.

You visited 2 branches of the dungeon, and saw 5 of its levels.
You also visited: Sewer.

You collected 196 gold pieces.

Inventory:

Hand Weapons
 a - a +0 rapier
 o - a +1 short sword of holy wrath (weapon)
Armour
 c - a +0 shield (worn)
 i - a +0 pair of gloves (worn)
 q - a +0 helmet (worn)
 w - a +2 chain mail of fire resistance (worn)
Jewellery
 b - a ring of protection from magic (right hand)
 h - a ring of protection from cold (left hand)
 x - an uncursed ring of protection from fire {unknown}
Scrolls
 g - 2 scrolls of identify
 j - 3 scrolls of remove curse
 k - 2 scrolls of teleportation
 l - a scroll of enchant armour {unknown}
 m - a scroll of fog
 n - a scroll of enchant weapon {unknown}
 r - a scroll of immolation {unknown}
 t - 2 scrolls of fear
 v - a scroll of magic mapping {unknown}
Potions
 d - 2 potions of might
 e - 2 potions of heal wounds
 s - a potion of curing
 u - a potion of brilliance
 z - a potion of degeneration {unknown}
Comestibles
 f - 9 rations
 p - 2 chunks of flesh


   Skills:
 + Level 3.7 Fighting
 + Level 3.0 Short Blades
 + Level 3.3 Armour
 + Level 1.7 Dodging
 + Level 3.6 Shields


You had 5 spell levels left.
You didn't know any spells.
Your spell library was empty.

Dungeon Overview and Level Annotations

Branches:
Dungeon (4/15)             Temple (1/1) D:4

Altars:
Gozag
Okawaru
Xom


Innate Abilities, Weirdness & Mutations

You have extremely sharp teeth.
Your natural rate of healing is unusually fast.
When hurt, damage is shared between your health and your magic reserves.
Your bite disrupts and absorbs the magic of your enemies.
Potions cannot restore your health.
You are immune to rotting.


Message History

The ogre hits you with a giant spiked club.
You hit the ogre but do no damage. You bite the ogre. You drain its power.
The ogre is heavily wounded.
The ogre barely misses you.
You hit the ogre but do no damage. You bite the ogre. You drain its power.
The ogre is heavily wounded.
You hit the ogre. You bite the ogre. You drain its power.
The ogre is severely wounded.
The ogre hits you with a giant spiked club!!
Ouch! That really hurt!
* * * LOW HITPOINT WARNING * * *
You hit the ogre. Your bite misses the ogre.
The ogre is almost dead.
The ogre closely misses you.
Okay, then.
Okay, then.
It was a potion of heal wounds.
That seemed strangely inert.
The ogre hits you with a giant spiked club!!
Ouch! That really hurt!
You die...

...## ....## ####
.....#
....#####....# .
.......#....# ...
####........# #....
#.........###......
.......<..O@....#
..###.........###
#........####
#....#......
#....#####....
#.... #### ##.. ##.


You could see an ogre.

Vanquished Creatures
  2 orc priests (D:3)
  An iguana (D:4)
  Robin (D:1)
  4 gnolls (D:4)
  2 adders
  A river rat (Sewer)
  2 worms
  5 leopard geckos
  17 orcs
  5 giant cockroaches
  7 goblins
  9 hobgoblins
  8 jackals (D:2)
  2 quokkas
  6 ball pythons
  2 bats
  8 frilled lizards
  7 kobolds
  A leopard gecko skeleton (D:4)
  18 rats
108 creatures vanquished.

Notes
Turn   | Place    | Note
-------+----------+-------------------------------------------
     0 | D:1      | Zebura the Vine Stalker Fighter began the quest for the
                  | Orb.
     0 | D:1      | Reached XP level 1. HP: 11/11 MP: 2/2
   197 | D:1      | Reached XP level 2. HP: 14/16 MP: 3/3
   942 | D:2      | Found an opulent altar of Gozag.
   949 | D:2      | Found a shimmering altar of Xom.
   950 | D:2      | Found an iron altar of Okawaru.
  1053 | D:2      | Noticed Robin
  1078 | D:1      | Killed Robin
  1078 | D:1      | Reached XP level 3. HP: 19/20 MP: 4/4
  1189 | D:2      | Gained mutation: Your natural rate of healing is unusually
                  | fast. [Vine Stalker growth]
  1189 | D:2      | Reached XP level 4. HP: 15/24 MP: 5/5
  1635 | D:3      | Reached skill level 1 in Dodging
  1795 | D:3      | Reached XP level 5. HP: 23/28 MP: 4/6
  1862 | D:3      | Found a glowing drain.
  1866 | Sewer    | Entered a sewer
  2848 | D:4      | Reached XP level 6. HP: 32/32 MP: 7/7
  2993 | D:4      | Found a staircase to the Ecumenical Temple.
  3055 | Temple   | Entered the Ecumenical Temple
  3067 | Temple   | Demolished by an ogre

Skill      XL: |  1  2  3  4  5  6 |
---------------+-------------------+-----
Short Blades   | 2 3 |  3.0
Fighting       | 3 |  3.7
Shields        | 3 |  3.6
Armour         | 3 |  3.3
Dodging        | 1 |  1.7

Action                   |  1- 3 |  4- 6 || total
-------------------------+-------+-------++-------
Melee: Rapier            |    96 |    33 ||   129
       Bite              |    23 |    83 ||   106
       Short sword       |       |   248 ||   248
  Use: Scroll            |       |     7 ||     7
       Potion            |       |     1 ||     1
  Eat: Chunk             |     1 |     7 ||     8
Armor: Scale mail        |    54 |    84 ||   138
       Chain mail        |       |    35 ||    35
Dodge: Dodged            |    26 |    72 ||    98
Block: Shield            |    44 |   140 ||   184
